 Dungeon Crawl Stone Soup version 0.28.0-53-g5a82cb258f (webtiles) character file.

Game seed: 8086809394654301529

1595 firemarshallily the Sneak (level 8, -3/71 HPs)
             Began as a Ghoul Monk on June 2, 2022.
             Was a Priest of Dithmenos.
             Slain by a wight
             ... wielding a +4 morningstar of freezing
              (13 damage)
             ... on level 6 of the Dungeon.
             The game lasted 00:22:31 (6077 turns).

firemarshallily the Sneak (Ghoul Monk)              Turns: 6077, Time: 00:22:32

Health: -3/71      AC:  5    Str: 17    XL:     8   Next: 93%
Magic:  7/7        EV: 13    Int:  5    God:    Dithmenos [***...]
Gold:   246        SH:  0    Dex: 11    Spells: 5/7 levels left

rFire   . . .      SeeInvis +     - Unarmed
rCold   + . .      Faith    .   (no shield)
rNeg    + + +      Spirit   .   e - +0 robe {Archmagi}
rPois   ∞          Reflect  .   (no helmet)
rElec   .          Harm     .   (no cloak)
rCorr   .          Rampage  .   f - +1 pair of gloves
Will    .....      Archmagi +   j - +0 pair of boots
Stlth   ++++......              (no amulet)
HPRegen 0.00/turn               g - +4 ring of slaying
MPRegen 0.10/turn               m - ring of see invisible

@: inhibited regen, wreathed by umbra
A: claws 1, cold resistance 1, negative energy resistance 3, inhibited
regeneration, torment resistance 2
a: Renounce Religion, Shadow Step


You were on level 6 of the Dungeon.
You worshipped Dithmenos.
Dithmenos was most pleased with you.
You visited 1 branch of the dungeon, and saw 7 of its levels.
You also visited: Sewer.

You collected 246 gold pieces.

Inventory:

Missiles
 c - 244 stones (quivered)
Armour
 e - a +0 robe of the Archmagi (worn)
 f - a +1 pair of gloves (worn)
 j - a +0 pair of boots (worn)
Jewellery
 g - a +4 ring of slaying (left hand)
 k - a ring of wizardry
 m - a ring of see invisible (right hand)
 q - an amulet of reflection
Scrolls
 a - a scroll of fear
 b - 11 scrolls of identify
 d - 2 scrolls of teleportation
 h - a scroll of torment
 l - 2 scrolls of silence
 n - 2 scrolls of acquirement {unknown}
 p - a scroll of enchant weapon
 r - a scroll of amnesia
 t - a scroll of magic mapping {unknown}
Potions
 i - 4 potions of flight
 o - a potion of curing
 s - a potion of resistance {unknown}


   Skills:
 + Level 6.8 Fighting
 + Level 5.6 Dodging
 + Level 6.8 Stealth
 + Level 6.8 Unarmed Combat


You had 5 spell levels left.
You knew the following spells:

 Your Spells              Type           Power      Damage    Failure   Level
a - Ensorcelled Hibernat  Hex/Ice        0%         N/A       63%         2

Your spell library contained the following spells:

 Spells                   Type           Power      Damage    Failure   Level
 Magic Dart               Conj           0%         1d3       47%         1
 Call Imp                 Summ           0%         N/A       63%         2
 Corpse Rot               Necr/Air       0%         N/A       63%         2
 Mephitic Cloud           Conj/Pois/Air  0%         N/A       85%         3
 Summon Guardian Golem    Hex/Summ       0%         N/A       85%         3
 Anguish                  Hex/Necr       0%         N/A       99%         4
 Animate Dead             Necr           0%         N/A       99%         4
 Dispel Undead            Necr           0%         3d6       99%         4
 Borgnjor's Vile Clutch   Necr/Erth      0%         N/A       100%        5
 Death Channel            Necr           0%         N/A       100%        6
 Orb of Destruction       Conj           0%         9d5       100%        7
 Spellforged Servitor     Conj/Summ      0%         N/A       100%        7
 Spider Form              Tmut/Pois      Unusable   N/A       N/A         3

Dungeon Overview and Level Annotations

Branches:
Dungeon (7/15)             Temple (0/1) D:5           Sewer (visited)

Altars:
Cheibriados
Dithmenos
Okawaru
Zin

Shops:
D:1 [?

Annotations:
D:4 Robin; Sigmund
D:7 2 transporters, VictoriousLee's ghost, journeyman OpVM


Innate Abilities, Weirdness & Mutations

You thrive by killing the living.
You are immune to poison.
You have sharp fingernails.
Your flesh is cold resistant. (rC+)
You are immune to negative energy. (rN+++)
You do not regenerate when monsters are visible.
You are immune to unholy pain and torment.


Message History

The wight barely misses you.
You hit the wight but do no damage.
The wight is severely damaged.
The wight hits you with a +3 spear of freezing.
* * * LOW HITPOINT WARNING * * *
The wight freezes you.
* * * LOW HITPOINT WARNING * * *
You hit the wight but do no damage.
The wight is severely damaged.
The wight closely misses you.
You hit the wight.
The wight is almost destroyed.
The wight misses you.
You hit the wight but do no damage.
The wight is almost destroyed.
The wight barely misses you.
You hit the wight.
You destroy the wight!
Dithmenos accepts your kill.
Things that are here:
a +3 spear of freezing; a +0 robe You start resting.
A wight is nearby!
A wight is nearby!
Items here: ))) [[[.
A wight is nearby!
The wight misses you.
You punch the wight!
The wight is heavily damaged.
You barely miss the wight.
The wight is heavily damaged.
The wight barely misses you.
You hit the wight.
The wight is heavily damaged.
The wight hits you with a +4 morningstar of freezing!
* * * LOW HITPOINT WARNING * * *
You hit the wight.
The wight is almost destroyed.
The wight hits you with a +4 morningstar of freezing!
You die...

#############
#.......@z..#
#.#########.#
#z# #.# #>#
##.########
#### #.#
#..z.z....#
#... #.#
#.####.##.#
#..# #Z# #.#
#.##.# #..#
#.# #.#
#z##)# #..#
#.#
###.####.##)#
#...


You could see a wight.

Vanquished Creatures
  Eustachio (D:4)
  An ice beast (D:6)
  2 sky beasts
  A necrophage (D:6)
  3 ogres
  A scorpion (D:6)
  A howler monkey (D:4)
  4 wights (D:6)
  A bullfrog zombie (D:6)
  2 jellies
  A centaur skeleton (D:6)
  2 hounds (D:6)
  A bullfrog skeleton (D:5)
  3 iguanas
  3 gnolls (D:3)
  10 adders
  6 river rats (Sewer)
  2 ufetubi (D:5)
  A worm (D:4)
  3 dart slugs
  8 orcs
  13 ball pythons
  6 endoplasms
  3 giant cockroaches
  12 goblins
  5 hobgoblins
  5 jackals
  5 quokkas
  11 bats
  6 frilled lizards
  9 kobolds
  6 rats
138 creatures vanquished.

Vanquished Creatures (others)
  2 plants (D:2)
2 creatures vanquished.

Grand Total: 140 creatures vanquished

Notes
Turn   | Place    | Note
-------+----------+-------------------------------------------
     0 | D:1      | firemarshallily the Ghoul Monk began the quest for the Orb.
     0 | D:1      | Reached XP level 1. HP: 19/19 MP: 0/0
    61 | D:1      | Found Qaqego Upuw's Magic Scroll Shoppe.
   220 | D:1      | Reached XP level 2. HP: 26/26 MP: 1/1
   479 | D:1      | Found Mulicemu's Antique Armour Shoppe.
   660 | D:2      | Reached XP level 3. HP: 30/31 MP: 2/2
  1098 | D:2      | Reached XP level 4. HP: 30/40 MP: 3/3
  1501 | D:3      | Found a faded altar of an unknown god.
  1676 | D:3      | Found a glowing drain.
  1691 | D:3      | Reached XP level 5. HP: 46/46 MP: 4/4
  1695 | Sewer    | Entered a sewer
  2279 | Sewer    | Reached XP level 6. HP: 53/53 MP: 5/5
  2717 | D:3      | Found a shadowy altar of Dithmenos.
  2726 | D:3      | Became a worshipper of Dithmenos the Shadowed
  2726 | D:3      | Reached * piety under Dithmenos
  2726 | D:3      | Reached ** piety under Dithmenos
  2742 | D:3      | Found an iron altar of Okawaru.
  2925 | D:3      | Learned a level 2 spell: Ensorcelled Hibernation
  3225 | D:4      | Noticed Eustachio
  3522 | D:4      | Killed Eustachio
  3823 | D:4      | Reached skill level 5 in Fighting
  3823 | D:4      | Reached skill level 5 in Unarmed Combat
  3823 | D:4      | Reached XP level 7. HP: 61/61 MP: 6/6
  4152 | D:4      | Noticed Robin
  4154 | D:4      | You fall into a shaft and drop 3 floors!
  4170 | D:7      | Found a transporter.
  4172 | D:7      | Found a transporter.
  4175 | D:7      | Noticed VictoriousLee's ghost (journeyman OpVM)
  4175 | D:7      | Found the +3 crown of Dyrovepreva {rElec Int+2 SInv}
  4190 | D:7      | Reached skill level 5 in Stealth
  4745 | D:6      | Found a snail-covered altar of Cheibriados.
  4784 | D:5      | Entered Level 5 of the Dungeon
  4989 | D:4      | Noticed Sigmund
  5231 | D:5      | Reached XP level 8. HP: 70/70 MP: 7/7
  5358 | D:5      | Found a staircase to the Ecumenical Temple.
  5449 | D:5      | Reached skill level 5 in Dodging
  5902 | D:6      | Reached *** piety under Dithmenos
  6077 | D:6      | Slain by a wight

Illustrated notes

Levels and vault maps discovered:
D:1:      dpeg_arrival_leaves_temple_mockup, layout_basic, serial_shops,
          nicolae_lakefront_shop, nicolae_diamond_shop, minmay_misc_feat_square
D:2:      layout_basic, serial_forest, infiniplex_forest_straight_3,
          infiniplex_forest_clump_tiny, infiniplex_forest_clump_medium,
          infiniplex_forest_lined_2, infiniplex_forest_lined_ring,
          infiniplex_forest_clump_small, infiniplex_forest_lined_2,
          infiniplex_forest_clump_medium, minmay_misc_feat_nine_boxes
D:3:      layout_loops_ring, nicolae_dithmenos_through_a_glass_darkly,
          lemuel_doored_altar, mainiacjoe_overflow_surrounded_room,
          gup_sewer_entry_glass, nicolae_ecumenical_oubliette
D:4:      layout_basic, nicolae_elyvilon_temple_path, chequers_mini_garden,
          uniq_eustachio, uniq_sigmund, uniq_robin
D:5:      layout_loops_cross, temple_doors_ab, chequers_garden
D:6:      layout_loops_ring, mainiacjoe_overflow_24_doors, serial_shops,
          nicolae_shop_behind_doors, chequers_serial_rivers_large_a,
          minmay_misc_feat_four_crosses, hangedman_decor_points
D:7:      layout_loops_ring, gammafunk_ghost_hive, hangedman_decor_growths,
          nrook_campfire

Skill      XL: |  1  2  3  4  5  6  7  8 |
---------------+-------------------------+-----
Dodging        | 3 4 5 |  5.6
Stealth        | 3 4 5 6 |  6.8
Fighting       | 4 5 6 |  6.8
Unarmed Combat | 4 5 6 |  6.8

Action                   |  1- 3 |  4- 6 |  7- 9 || total
-------------------------+-------+-------+-------++-------
Melee: Unarmed           |    84 |   234 |   160 ||   478
       Punch             |     3 |     7 |     8 ||    18
Throw: Stone             |       |       |     2 ||     2
  Use: Scroll            |     3 |     3 |     2 ||     8
       Potion            |       |     2 |     1 ||     3
 Stab: Sleeping          |     3 |     5 |     8 ||    16
       Distracted        |     1 |       |       ||     1
Armor: Robe              |    16 |    67 |    23 ||   106
Dodge: Dodged            |    70 |   207 |   114 ||   391
